 Dungeon Crawl Stone Soup version 0.17-a0-528-gc205fd0 (webtiles) character file.

216 Kisielow the Covered (level 5, 0/47 HPs)
             Began as a Minotaur Fighter on Apr 12, 2015.
             Succumbed to an adder's poison
             ... on level 4 of the Dungeon.
             The game lasted 00:04:32 (1908 turns).

Kisielow the Covered (Minotaur Fighter)             Turns: 1908, Time: 00:04:32

Health: 0/47       AC:  8    Str: 27    XL:     5   Next: 61%
Magic:  4/4        EV:  7    Int:  5    God:
Gold:   179        SH:  9    Dex:  9    Spells: 0 memorised, 4 levels left

rFire  . . .     SeeInvis .     a - +0 long sword
rCold  . . .     Clarity  .     b - +0 scale mail
rNeg   . . .     SustAb   .     c - +0 shield
rPois  .         Gourm    .     (helmet restricted)
rElec  .         Spirit   .     r - +0 cloak
rCorr  .         Warding  .     (no gloves)
rMut   .         Stasis   .     (no boots)
MR     .....                    (no amulet)
Stlth  ..........               (no ring)
                                (no ring)

@: mighty, lethally poisoned (0 -> -2), heavily drained, not resistant to
hostile enchantments, extremely unstealthy
A: retaliatory headbutt, horns 2
a: no special abilities


You were on level 4 of the Dungeon.
You were not hungry.

You visited 1 branch of the dungeon, and saw 4 of its levels.

You collected 179 gold pieces.

Inventory:

Hand weapons
 a - a +0 long sword (weapon)
Armour
 b - a +0 scale mail (worn)
 c - a +0 shield (worn)
 r - a +0 cloak (worn)
Jewellery
 f - an uncursed ring of ice
Scrolls
 i - a scroll of immolation {unknown}
 k - 11 scrolls of identify {unknown}
 l - a scroll of noise {unknown}
 m - 2 scrolls of remove curse {unknown}
 o - a scroll of teleportation {unknown}
 p - a scroll of enchant weapon {unknown}
 s - a scroll of amnesia {unknown}
 t - a scroll of fog {unknown}
 u - a scroll of recharging {unknown}
Potions
 g - a potion of agility {unknown}
 h - a potion of restore abilities {unknown}
 n - a potion of cure mutation {unknown}
 q - a potion of beneficial mutation {unknown}
 v - a potion of haste {unknown}
 x - 2 potions of curing {unknown}
Comestibles
 d - 2 bread rations
 j - a slice of pizza
 w - a meat ration


   Skills:
 * Level 4.7(2.8) Fighting
 * Level 3.7(1.8) Long Blades
 * Level 5.4(3.4) Armour
 * Level 4.8(2.9) Shields


You had 4 spell levels left.
You didn't know any spells.

Dungeon Overview and Level Annotations

Branches:
Dungeon (4/15)
 Temple: D:4-7

Altars:
Sif Muna


Innate Abilities, Weirdness & Mutations

You reflexively headbutt those who attack you in melee.
You have a pair of horns on your head.


Message History

Your shield and scale mail prevent you from hitting Edmund.
Edmund is severely wounded.
Edmund hits you with a flail of draining.
* * * LOW HITPOINT WARNING * * *
You feel drained.
* * * LOW HITPOINT WARNING * * *
You hit Edmund. You headbutt Edmund!
You kill Edmund!
Your base Armour skill increases to level 5!
You have reached level 5!
The adder closely misses you.
You miss the adder.
The adder is almost dead.
You block the adder's attack. The adder bites you.
* * * LOW HITPOINT WARNING * * *
You are lethally poisoned!
The adder poisons you!
You closely miss the adder. Your headbutt misses the adder.
The adder is almost dead.
You die...

##### # .....####
#. ..#.#.. #.
#.#.#.## #.#
#...... #.#
#.#.#.#####. #.#
#.#.#........
#.#####@S....>..#
#.......##......#
#..#.##.##........
#..#..#.##......#.
#..##.#<##........
#..##.#.##......#
#.<.....##......
#####.#########
#.#


You could see an adder.

Vanquished Creatures
  Edmund (D:4)
  4 adders
  2 worms
  A giant gecko (D:4)
  2 oozes (D:3)
  An orc (D:3)
  2 giant cockroaches (D:2)
  6 goblins
  A hobgoblin (D:1)
  6 kobolds
  A quokka (D:2)
  11 bats
  2 giant newts
  6 jackals (D:2)
  3 rats (D:1)
49 creatures vanquished.

Notes
Turn   | Place    | Note
--------------------------------------------------------------
     0 | D:1      | Kisielow, the Minotaur Fighter, began the quest for the Orb.
     0 | D:1      | Reached XP level 1. HP: 19/19 MP: 0/0
   250 | D:1      | Reached XP level 2. HP: 27/27 MP: 1/1
   385 | D:1      | Reached skill level 4 in Fighting
   458 | D:2      | Reached XP level 3. HP: 13/33 MP: 2/2
  1320 | D:3      | Reached XP level 4. HP: 40/40 MP: 3/3
  1373 | D:3      | Found a deep blue altar of Sif Muna.
  1884 | D:4      | Noticed Edmund
  1906 | D:4      | Killed Edmund
  1906 | D:4      | Reached skill level 5 in Armour
  1906 | D:4      | Reached XP level 5. HP: 4/47 MP: 4/4
  1907 | D:4      | HP: 1/47 [adder (3)]
  1908 | D:4      | Succumbed to an adder's poison

Action                   |  1- 3 |  4- 6 || total
-------------------------+-------+-------++-------
Melee: Long sword        |    89 |    37 ||   126
  Use: Potion            |       |     1 ||     1
  Eat: Chunk             |     1 |     2 ||     3
